[Event "6th GRENKE Chess Classic 2019"]
[Site "Karlsruhe/Baden-Baden"]
[Date "2019.04.22"]
[Round "3.2"]
[White "Svidler, Peter"]
[Black "Meier, Georg"]
[Result "1-0"]
[ECO "C11"]
[WhiteElo "2735"]
[BlackElo "2628"]
[Annotator "RC"]
[PlyCount "73"]
[EventDate "2019.03.30"]
[EventType "tourn"]
[EventCountry "GER"]
[SourceTitle "playchess.com"]
[Source "ChessBase"]
[SourceQuality "1"]
[TimeControl "40/6000+30:20/3000+30:900+30"]

1. e4 e6 2. d4 d5 3. Nc3 Nf6 4. e5 Nfd7 5. f4 c5 6. Nf3 Nc6 7. Be3 cxd4 8. Nxd4 Qb6 9. Qd2 Qxb2 10. Rb1 Qa3 11. Bb5 Nxd4 12. Bxd4 Bb4 13. Rb3 Qa5 14. a3 Be7 15. f5 exf5 16. Nxd5 Qxd2+ 17. Kxd2 Bd8 18. Rc3 Ba5 19. Nc7+ Bxc7 20. Rxc7 Kd8 21. Rc3 Nf8 22. Bc5 Bd7 23. Bxf8 Bxb5 24. Bxg7 Rg8 25. Bf6+ Kd7 26. Rd1 f4 27. g3 fxg3 28. Kc1+ Ke8 29. hxg3 Bc6 30. Rd4 Rg6 31. Rcd3 Kf8 32. Rh4 h6 33. g4 Bb5 34. Rd2 Re8 35. g5 Rxg5 36. Rxh6 Rg8 37. Rdh2 1-0

[Event "6th GRENKE Chess Classic 2019"]
[Site "Karlsruhe/Baden-Baden"]
[Date "2019.04.22"]
[Round "3.4"]
[White "Vachier-Lagrave, Maxime"]
[Black "Naiditsch, Arkadij"]
[Result "1/2-1/2"]
[ECO "C67"]
[WhiteElo "2773"]
[BlackElo "2695"]
[Annotator "RC"]
[PlyCount "84"]
[EventDate "2019.03.30"]
[EventType "tourn"]
[EventCountry "GER"]
[SourceTitle "playchess.com"]
[Source "ChessBase"]
[SourceQuality "1"]
[TimeControl "40/6000+30:20/3000+30:900+30"]

1. e4 e5 2. Nf3 Nc6 3. Bb5 Nf6 4. O-O Nxe4 5. d4 Nd6 6. Bxc6 dxc6 7. dxe5 Nf5 8. Qxd8+ Kxd8 9. h3 Ne7 10. Rd1+ Ke8 11. Nc3 Ng6 12. b3 Be7 13. Ne4 a5 14. Re1 a4 15. Bb2 Be6 16. Nd4 Nf4 17. Rad1 h5 18. h4 Nd5 19. c4 Nb4 20. a3 Na6 21. b4 c5 22. Nxe6 fxe6 23. b5 Nb8 24. f4 Rf8 25. Nf6+ gxf6 26. exf6 Bd6 27. Rxe6+ Kf7 28. Rde1 Rd8 29. g4 hxg4 30. h5 Nd7 31. Re7+ Bxe7 32. Rxe7+ Kg8 33. Rg7+ Kh8 34. f7 Rf8 35. f5 Nb6 36. Bf6 Nxc4 37. Rxg4+ Kh7 38. Rg7+ Kh6 39. Rg6+ Kh7 40. Rg7+ Kh6 41. Rg6+ Kh7 42. Rg7+ Kh6 1/2-1/2